 Dungeon Crawl Stone Soup version 0.29-a0-289-g2178c42546 (webtiles) character file.

Game seed: 12322012137545757278

36 sanka the Ducker (level 3, 35/35 HPs)
             Began as a Gnoll Monk on Mar 17, 2022.
             Was a Believer of Dithmenos.
             Quit the game on level 2 of the Dungeon.
             The game lasted 00:02:35 (1513 turns).

sanka the Ducker (Gnoll Monk)                       Turns: 1513, Time: 00:02:35

Health: 35/35      AC:  4    Str: 12    XL:     3   Next: 37%
Magic:  4/4        EV: 15    Int:  9    God:    Dithmenos [**....]
Gold:   91         SH:  0    Dex: 14    Spells: 3/3 levels left

rFire   + . .      SeeInvis .   a - +0 hand axe
rCold   . . .      Faith    .   (no shield)
rNeg    . . .      Spirit   .   b - +0 robe
rPois   .          Reflect  .   i - +1 helmet
rElec   .          Harm     .   (no cloak)
rCorr   .          Rampage  .   (no gloves)
Will    .....                   (no boots)
Stlth   +++.......              (no amulet)
HPRegen 0.11/turn               (no ring)
MPRegen 0.09/turn               g - ring of protection from fire

@: wreathed by umbra
A: fangs 1, strong nose, distributed training
a: Renounce Religion, Shadow Step


You were on level 2 of the Dungeon.
You worshipped Dithmenos.
Dithmenos was pleased with you.
You visited 1 branch of the dungeon, and saw 2 of its levels.

You collected 91 gold pieces.


Innate Abilities, Weirdness & Mutations

You have very sharp teeth.
Your uncanny sense of smell can sniff out nearby items.
Your experience applies equally to all skills.


   Skills:
 + Level 6.5 Fighting
 + Level 0.7 Short Blades
 + Level 0.7 Long Blades
 + Level 6.5 Axes
 + Level 0.7 Maces & Flails
 + Level 0.7 Polearms
 + Level 0.7 Staves
 + Level 0.7 Slings
 + Level 0.7 Bows
 + Level 0.7 Crossbows
 + Level 0.7 Throwing
 + Level 0.7 Armour
 + Level 6.5 Dodging
 + Level 4.1 Stealth
 + Level 0.7 Shields
 + Level 0.7 Unarmed Combat
 + Level 0.7 Spellcasting
 + Level 0.5 Conjurations
 + Level 0.5 Hexes
 + Level 0.5 Summonings
 + Level 0.5 Necromancy
 + Level 0.5 Translocations
 + Level 0.5 Transmutations
 + Level 0.5 Fire Magic
 + Level 0.5 Ice Magic
 + Level 0.5 Air Magic
 + Level 0.5 Earth Magic
 + Level 0.5 Poison Magic
 + Level 0.9 Invocations
 + Level 0.7 Evocations


You had 3 spell levels left.
You didn't know any spells.
Your spell library was empty.

Inventory:

Hand Weapons
 a - a +0 hand axe (weapon)
Armour
 b - a +0 robe (worn)
 i - a +1 helmet (worn)
Magical Staves
 p - a staff of earth
Jewellery
 g - a ring of protection from fire (right hand)
Scrolls
 d - a scroll of vulnerability {unknown}
 f - a scroll of blinking {unknown}
 j - a scroll of identify {unknown}
 l - 3 scrolls of teleportation {unknown}
 o - a scroll of enchant armour {unknown}
Potions
 c - a potion of ambrosia
 e - a potion of berserk rage {unknown}
 h - a potion of brilliance {unknown}
 k - 2 potions of cancellation {unknown}
 m - a potion of attraction {unknown}
 n - a potion of magic {unknown}

Dungeon Overview and Level Annotations

Branches:
Dungeon (2/15)

Altars:
Ashenzari
Dithmenos

Annotations:
D:2 Sigmund, Terence

.▒ ▒▒▒▒........▒ ▒..▒ .▒
▒▒.......▒...▒ ▒..▒ .▒
▒.....▒▒.......▒▒▒▒▒▒▒..▒▒▒▒▒▒ .▒
▒.....▒▒.▒▒.▒▒▒▒▒............. .▒
▒.....▒▒.▒ ... .............. .▒
▒.....▒▒▒▒▒▒▒▒▒ ▒▒▒▒▒.........
.▒▒▒.....▒....▒▒ ..P.▒▒........
..▒▒▒....▒.....▒▒▒.P.PP▒▒.g.▒▒▒▒▒
..▒ ▒▒▒▒.'......g.P....+....▒ ▒
▒.▒ ▒▒▒PPPPP▒▒▒P....▒....▒▒ ▒
.▒▒▒ ▒▒▒PP.P▒▒ ..P.▒.....▒
...▒▒▒▒▒.▒▒▒▒▒▒▒▒▒▒▒▒▒▒▒▒▒g▒.▒
.....................▒▒.▒▒.▒.▒
...▒▒▒▒▒.▒▒▒▒▒.▒▒▒▒▒.▒▒.▒....▒▒▒.
▒▒▒▒ ▒▒▒ ▒.▒▒▒▒▒.▒...........
▒.▒▒....▒.......▒▒▒.
▒.......▒.▒▒.▒..▒


There were no monsters in sight!


Message History

Unknown command.
Unknown command.
Unknown command.
You slash the plant!
The plant begins to die.
You bite the plant.
The plant is lightly damaged.
Unknown command.
You hit the plant. You punch the plant.
The plant is lightly damaged.
Unknown command.
You hit the plant.
The plant is lightly damaged.
Unknown command.
You hit the plant.
The plant is lightly damaged.
A nearby plant withers and dies.
Unknown command.
There is a faded altar of an unknown god here.
You cannot tell which god this altar belongs to.
Convert to them anyway?
Dithmenos accepts your prayer! Dithmenos welcomes you!
You are shrouded in an aura of darkness!
You can now step into the shadows of nearby creatures.
Unknown command.
Press < or > to pray at altars.
Unknown command.
Press < or > to pray at altars.
Are you sure you want to abandon this character and quit the game? (Confirm with "yes".)

Action                   || total
-------------------------++-------
Melee: Hand axe          ||    96
       Bite              ||    11
       Punch             ||     1
 Stab: Sleeping          ||     4
Armor: Robe              ||    16
Dodge: Dodged            ||    60

Levels and vault maps discovered:
D:1:      minmay_arrival_diagonal_passages, layout_basic, fountainhead
D:2:      layout_loops_cross, shapermc_ecumenical_altar_flowoftime, basic_altar,
          uniq_crazy_yiuf_cottage, uniq_robin, uniq_sigmund, uniq_terence

Notes
Turn   | Place    | Note
-------+----------+-------------------------------------------
     0 | D:1      | sanka the Gnoll Monk began the quest for the Orb.
     0 | D:1      | Reached XP level 1. HP: 23/23 MP: 1/1
   201 | D:1      | Reached XP level 2. HP: 27/29 MP: 2/2
   711 | D:2      | Noticed Terence
  1060 | D:1      | Reached XP level 3. HP: 8/35 MP: 0/3
  1338 | D:2      | Noticed Sigmund
  1446 | D:2      | Found a broken altar of Ashenzari.
  1486 | D:2      | Found a faded altar of an unknown god.
  1512 | D:2      | Prayed at the altar of an unknown god.
  1512 | D:2      | Became a worshipper of Dithmenos the Shadowed
  1512 | D:2      | Reached * piety under Dithmenos
  1512 | D:2      | Reached ** piety under Dithmenos
  1513 | D:2      | Quit the game

Vanquished Creatures
  A gnoll (D:1)
  3 bats (D:2)
  2 endoplasms (D:1)
  2 giant cockroaches
  4 goblins
  4 hobgoblins
  A quokka (D:1)
  2 ball pythons
  2 frilled lizards (D:1)
21 creatures vanquished.

Vanquished Creatures (others)
  3 plants (D:2)
  10 withered plants (D:2)
13 creatures vanquished.

Grand Total: 34 creatures vanquished
